Map: Cosmic Sapphire

Players

MaNa - Winner!

  • Race: Protoss Protoss
  • Spawn Location: 5:00

Spirit

  • Race: Terran Terran
  • Spawn Location: 11:00

Event: DreamHack SC2 Masters 2022 Atlanta (Offline)

VOD

Have the link to the VOD?

Description

Time

  • Played on: Nov. 18, 2022, 1:25 p.m.
  • Length: 13:41

All games in this series

Show
View Real Time Build Order
Export as new Build Order

MaNa Protoss - Winner!

Build Orders: Oracle Opening 

Get SALT Encoding   

  12  0:00  Probe  
  13  0:12  Probe  
  14  0:16  Pylon  
  14  0:24  Probe (Chrono Boost)  
  15  0:36  Gateway, Probe (Chrono Boost)  
  16  0:44  Probe (Chrono Boost)  
  16  0:47  Assimilator  
  17  0:50  Probe  
  17  0:56  Assimilator  
  18  1:03  Probe  
  19  1:15  Probe  
  20  1:24  Cybernetics Core  
  20  1:25  Pylon  
  20  1:26  Zealot  
  20  1:27  Probe  
  23  1:43  Probe  
  24  1:55  Probe  
  24  1:58  Adept (Chrono Boost)  
  24  2:00  Stargate  
  27  2:07  Warp Gate, Probe  
  27  2:08  Pylon  
  28  2:19  Probe  
  28  2:20  Adept  
  31  2:31  Probe  
  32  2:40  Oracle (Chrono Boost)  
  32  2:43  Probe  
  36  2:50  Adept  
  38  2:53  Pylon  
  39  3:09  Oracle (Chrono Boost)  
  41  3:17  Nexus  
  42  3:20  Probe  
  42  3:32  Probe  
  43  3:34  Twilight Council  
  43  3:44  Probe  
  44  3:57  Oracle  
  44  4:00  Pylon  
  47  4:05  Gateway x2  
  47  4:13  Gateway  
  47  4:19  Blink (Chrono Boost)  
  47  4:25  Probe  
  48  4:32  Shield Battery  
  48  4:40  Probe x2  
  48  5:01  Stalker x3  
  44  5:10  Stalker  
  46  5:30  Stalker x3  
  46  5:34  Probe  
  53  5:38  Stalker  
  53  5:56  Stalker x2  
  51  6:12  Stalker  
  51  6:19  Probe  
  52  6:33  Nexus  
  52  6:36  Probe (Chrono Boost)  
  54  6:48  Probe (Chrono Boost), Pylon  
  54  6:54  Probe (Chrono Boost)  
  55  7:06  Probe  
  56  7:18  Probe (Chrono Boost)  
  57  7:25  Nexus  
  58  7:30  Probe (Chrono Boost)  
  58  7:37  Dark Shrine, Probe (Chrono Boost)  
  59  7:45  Charge  
  59  7:48  Probe  
  60  7:57  Probe  
  61  8:02  Sentry, Gateway  
  63  8:07  Probe  
  63  8:10  Probe  
  65  8:19  Probe  
  66  8:23  Probe  
  67  8:31  Probe  
  68  8:35  Probe  
  68  8:40  Probe  
  70  8:43  Gateway, Probe  
  70  8:44  Gateway  
  71  8:52  Dark Templar x3  
  71  8:55  Probe  
  78  9:01  Probe  
  79  9:06  Probe  
  79  9:07  Probe  
  81  9:13  Probe  
  80  9:18  Probe  
  80  9:19  Probe  
  80  9:22  Gateway, Pylon  
  82  9:25  Probe  
  82  9:26  Assimilator  
  82  9:27  Assimilator  
  83  9:35  Probe  
  83  9:36  Probe  
  83  9:39  Probe  
  83  9:43  Zealot x6  
  96  9:50  Probe  
  93  9:53  Probe  
  94  10:02  Robotics Facility  
  94  10:05  Stalker x3  
  100  10:16  Stalker  
  98  10:22  Stalker x2  
  98  10:24  Probe x2  
  99  10:29  Probe  
  94  10:36  Probe x2  
  94  10:41  Probe  
  91  10:46  Stalker x5  
  91  10:48  Probe x2  
  95  10:53  Probe  
  96  11:03  Observer  
  97  11:05  Robotics Bay  
  97  11:07  Stalker  
  97  11:08  Shield Battery  
  97  11:09  Probe  
  100  11:25  Probe  
  98  11:33  Pylon  
  98  11:37  Shield Battery  
  98  11:38  Pylon  
  98  11:40  Forge  
  98  11:43  Pylon  
  98  11:46  Pylon  
  98  11:47  Pylon  
  98  11:48  Probe x2  
  98  11:49  Probe  
  98  11:50  Robotics Facility  
  98  11:51  Colossus (Chrono Boost)  
  101  11:58  Zealot x4  
  101  11:59  Zealot  
  115  12:32  Colossus (Chrono Boost)  
  121  12:38  Colossus (Chrono Boost)  
  127  12:44  Stalker x7  
  127  12:50  Nexus  
  141  12:56  Shield Battery  
  141  12:57  Shield Battery  
  141  13:07  Pylon  
  141  13:08  Pylon x2  
  133  13:12  Pylon  
  133  13:17  Pylon  
  133  13:21  Pylon  
  117  13:31  Stalker x4  
  115  13:41  Stalker x2  
Show
View Real Time Build Order
Export as new Build Order

Spirit Terran 

Build Orders:  

Get SALT Encoding   

  12  0:00  SCV  
  13  0:12  SCV  
  14  0:17  Supply Depot  
  14  0:24  SCV  
  15  0:38  SCV  
  15  0:40  Barracks  
  16  0:43  Refinery  
  16  0:50  SCV  
  17  1:03  SCV  
  18  1:15  SCV  
  19  1:27  Orbital Command, Marine  
  20  1:40  Command Center  
  20  1:51  Factory  
  20  1:54  SCV  
  21  2:07  Barracks Reactor, Bunker  
  21  2:08  SCV  
  22  2:16  Supply Depot  
  22  2:20  SCV  
  23  2:22  Command Center  
  23  2:35  Factory Tech Lab  
  23  2:38  SCV  
  23  2:40  Supply Depot  
  23  2:41  Refinery  
  24  2:45  Marine x2  
  24  2:50  SCV  
  27  2:58  Siege Tank  
  30  3:02  Marine  
  30  3:03  SCV  
  30  3:05  Marine  
  33  3:15  SCV  
  34  3:20  Marine  
  34  3:22  Starport  
  34  3:23  Marine  
  36  3:27  SCV  
  37  3:34  Orbital Command  
  37  3:40  Marine  
  37  3:41  Marine  
  39  3:46  Siege Tank  
  42  3:49  SCV  
  42  3:58  Marine x2  
  42  3:59  Supply Depot  
  42  4:00  Orbital Command  
  44  4:03  Medivac  
  44  4:05  SCV  
  47  4:16  Marine x2  
  49  4:17  SCV  
  50  4:25  SCV  
  50  4:29  SCV  
  50  4:30  Supply Depot  
  52  4:33  Marine  
  52  4:34  Marine  
  52  4:37  SCV  
  55  4:41  SCV, Starport Tech Lab  
  55  4:44  Engineering Bay  
  55  4:45  Cyclone  
  59  4:48  Viking  
  59  4:49  SCV  
  59  4:51  Marine  
  59  4:52  Marine  
  57  4:53  SCV  
  52  5:01  SCV  
  52  5:06  SCV  
  43  5:29  Marine  
  44  5:37  Marine  
  48  5:47  Marine  
  48  5:49  SCV  
  48  5:52  SCV  
  48  5:55  Marine  
  47  6:01  SCV  
  47  6:02  Siege Tank  
  47  6:03  Missile Turret  
  48  6:05  SCV, Marine  
  47  6:13  SCV, Marine  
  47  6:17  SCV  
  45  6:23  Marine  
  45  6:25  SCV  
  41  6:29  SCV  
  41  6:30  Marine  
  39  6:36  Bunker  
  39  6:37  SCV, Siege Tank  
  43  6:41  Marine  
  44  6:49  SCV  
  44  6:50  Orbital Command  
  44  6:52  Barracks  
  45  6:58  Marine  
  45  6:59  Marine  
  47  7:01  SCV  
  48  7:11  Siege Tank  
  48  7:12  Starport Tech Lab  
  48  7:13  SCV  
  52  7:16  Marine  
  52  7:18  SCV, Barracks  
  52  7:22  Marine  
  55  7:25  SCV  
  56  7:30  SCV  
  56  7:31  Supply Depot  
  57  7:37  SCV  
  57  7:42  Marine x2  
  60  7:47  SCV, Marine  
  62  7:53  Siege Tank  
  62  7:54  SCV  
  64  7:59  Marine  
  64  8:00  Marine  
  64  8:01  Supply Depot  
  64  8:05  Supply Depot  
  66  8:08  Orbital Command  
  66  8:11  SCV  
  67  8:23  SCV  
  68  8:27  Bunker  
  68  8:33  Marine  
  69  8:34  Marine  
  69  8:35  SCV  
  69  8:40  SCV  
  69  8:43  Missile Turret  
  69  8:47  SCV  
  70  8:52  Barracks Tech Lab  
  70  8:53  Command Center  
  70  8:56  Factory Reactor  
  70  8:57  SCV  
  70  9:01  Starport Reactor  
  71  9:02  Supply Depot  
  71  9:10  Combat Shield  
  71  9:15  Refinery, Marauder  
  71  9:16  Refinery  
  73  9:17  SCV x2  
  73  9:20  Marauder, Marine  
  78  9:26  Supply Depot  
  78  9:29  SCV, Marine  
  80  9:32  SCV  
  80  9:37  Marauder  
  80  9:38  Marine  
  78  9:41  Medivac  
  78  9:42  Marauder  
  78  9:43  SCV  
  78  9:44  Factory Reactor  
  82  9:46  Medivac  
  82  9:50  Marine  
  82  9:58  Barracks, Marauder  
  82  9:59  Barracks  
  84  10:00  Supply Depot  
  84  10:08  Marauder, Marine  
  84  10:11  Medivac  
  89  10:18  Orbital Command  
  88  10:25  Medivac  
  88  10:27  Barracks Tech Lab, Marine  
  89  10:29  Marauder, Marine  
  89  10:33  Stimpack  
  90  10:41  Medivac  
  86  10:45  Marine  
  84  10:58  Medivac  
  84  10:59  Marine  
  84  11:00  Marine  
  87  11:06  Barracks Reactor  
  87  11:08  SCV  
  87  11:09  SCV  
  88  11:11  SCV, Medivac  
  88  11:13  Marine  
  88  11:14  Marauder  
  88  11:16  Marine  
  88  11:18  Marine  
  82  11:21  SCV x2  
  80  11:30  Medivac  
  80  11:31  Marine  
  74  11:34  Marine  
  74  11:35  Marauder  
  74  11:36  Concussive Shells, Marauder  
  74  11:39  Widow Mine  
  81  11:43  Marine  
  82  11:48  Marine  
  82  11:49  SCV, Marine  
  82  11:50  SCV  
  82  11:52  Marine  
  87  11:56  Marauder  
  87  11:57  Marauder  
  87  12:01  SCV, Marine  
  92  12:02  Widow Mine  
  92  12:05  Marine  
  92  12:06  Marine  
  97  12:14  Marine  
  95  12:16  Marine  
  95  12:18  Marauder  
  95  12:19  Marauder, Marine  
  101  12:26  Marine  
  101  12:27  Widow Mine  
  101  12:28  Orbital Command  
  101  12:29  Marine  
  105  12:31  Marine  
  105  12:33  Marine  
  107  12:39  Marauder  
  107  12:40  Marauder  
  107  12:43  Marine  
  112  12:47  Marine  
  112  12:48  Widow Mine  
  112  12:49  Marine  
  116  12:51  Marine  
  117  13:00  Marauder  
  117  13:04  Marine  
  117  13:05  Marauder, Marine  
  109  13:07  Marine  
  109  13:09  Marine  
  95  13:22  Marine  
  95  13:23  Marine  
Tags
 
Add a new tag
Caveats
  • Supply blocks, unpowered buildings, or Contaminate may cause inaccurate times.
  • Supply counts are checked every 10 seconds.